AoeStats
← Buzz Lightyear

Nomad

507199822Analyzed
4v4 RM · 16d ago on Sep 17, 2026· 33m 29s· 8 players
Game mode
Random Map
Map size
231×231
Population
200
Speed
Normal
Resources
Standard
Victory
Conquest
Starting age
Dark Age
Ending age
Imperial Age
RankedLock teamsTeams togetherTeam positionsShared explorationLock speedFull tech treeHidden civsTurbo modeCheats
Victory
Defeat
🇵🇪 Italians · Peru
1155
+13
🇺🇸 Vietnamese · United States
1104
+15
🇦🇷 Japanese · Argentina
1094
+16
🇦🇷 Spanish · Argentina
1044
+19
🇭🇰 Teutons · Hong Kong SAR China
1134
-17
🇺🇸 Bulgarians · United States
1125
-17
🇺🇸 Vietnamese · United States
1089
-16
🇺🇸 Byzantines · United States
1020
-13
moonmichael
3:53 Loom
14:42 Feudal Age
25:51 Castle Age
30:25 Gold Mining
32:22 Double-Bit Axe
33:08 Fletching
33:19 Padded Archer Armor
bambi
5:22 Loom
12:42 Feudal Age
18:17 Castle Age
16:24 Horse Collar
17:33 Fletching
19:11 Medium Warships
19:28 Bodkin Arrow
22:37 Double-Bit Axe
23:49 Ballistics
24:30 Fishing Lines
28:04 Wheelbarrow
30:59 Imperial Age
31:11 Imperial Age
31:29 Scale Mail Armor
31:40 Forging
33:16 Chemistry
34:27 Iron Casting
33:55 Bracer
Buzz Lightyear
12:32 Loom
14:41 Feudal Age
15:15 Double-Bit Axe
20:23 Fletching
23:13 Castle Age
22:29 Town Watch
22:52 Padded Archer Armor
23:06 Gold Mining
23:25 Crossbowman
27:04 Bodkin Arrow
30:13 Bow Saw
36:17 Imperial Age
GUASON_
11:59 Loom
13:53 Feudal Age
19:51 Castle Age
17:44 Double-Bit Axe
17:50 Gold Mining
19:05 Gold Mining
20:05 Fletching
20:56 Bow Saw
20:20 Demolition Ship
20:56 Bodkin Arrow
22:20 Medium Warships
24:18 Town Watch
24:23 Fishing Lines
28:46 Wheelbarrow
29:08 Stone Mining
28:59 Horse Collar
tarleton25
9:20 Loom
16:50 Feudal Age
18:31 Wheelbarrow
24:58 Castle Age
23:19 Fletching
24:57 Horse Collar
25:58 Double-Bit Axe
26:13 Gold Mining
28:01 Crossbowman
byolaf
6:21 Loom
17:19 Feudal Age
18:24 Double-Bit Axe
23:47 Castle Age
ibtip
11:14 Loom
13:49 Feudal Age
14:19 Double-Bit Axe
16:46 Stone Mining
19:24 Castle Age
17:20 Horse Collar
20:15 Bow Saw
22:19 Gold Mining
24:21 Gold Shaft Mining
31:38 Wheelbarrow
33:53 Scale Barding Armor
Teutons_CF
6:16 Loom
14:40 Feudal Age
17:49 Man-at-Arms
18:22 Double-Bit Axe
24:17 Scale Mail Armor
24:09 Fletching
26:35 Horse Collar
28:16 Padded Archer Armor
34:28 Castle Age
33:31 Stone Mining
33:31 Gold Mining
Connection lost

Rejoining the realm…

Still unreachable

The connection could not be restored.

Session expired

The server has moved on; the page needs a fresh start.